 Dungeon Crawl Stone Soup version 0.18.1-50-g88ac8fd (webtiles) character file.

1380 varam the Covert (level 8, -1/50 HPs)
             Began as an Octopode Assassin on Oct 7, 2016.
             Was an Initiate of Gozag.
             Slain by a giant frog (9 damage)
             ... on level 5 of the Dungeon.
             The game lasted 00:22:03 (5870 turns).

varam the Covert (Octopode Assassin)                Turns: 5870, Time: 00:22:03

Health: -1/50      AC:  1    Str: 10    XL:     8   Next: 66%
Magic:  8/8        EV: 22    Int: 14    God:    Gozag
Gold:   435        SH:  0    Dex: 15    Spells: 0 memorised, 7 levels left

rFire  . . .     SeeInvis .     r - +4 dagger
rCold  . . .     Gourm    .     (no shield)
rNeg   + . .     Faith    .     (helmet restricted)
rPois  .         Spirit   .     g - amulet of magic regeneration
rElec  .         Dismiss  .     q - ring of positive energy
rCorr  .         Reflect  .     H - +6 ring of evasion
SustAt .         Harm     .     (no ring)
MR     .....                    (no ring)
Stlth  ++++++....               (no ring)
                                (no ring)
                                (no ring)
                                (no ring)

@: gold aura, not resistant to hostile enchantments, very stealthy
A: almost no armour, amphibious, 8 rings, constrict 8, camouflage 1, gelatinous
body 1
a: Potion Petition, Call Merchant, Bribe Branch, Renounce Religion


You were on level 5 of the Dungeon.
You worshipped Gozag.
Gozag was noncommittal.
You were not hungry.

You visited 1 branch of the dungeon, and saw 6 of its levels.

You collected 553 gold pieces.
You paid 118 gold pieces to Gozag.

Inventory:

Hand Weapons
 a - a +2 dagger
 b - a +0 blowgun
 r - a +4 dagger (weapon)
 y - a cursed -2 blowgun
 B - a +2 hunting sling of evasion
Missiles
 c - 35 poisoned needles
 d - 2 curare-tipped needles
 A - 47 sling bullets
 C - 122 stones
 G - 2 tomahawks (quivered)
Jewellery
 g - an amulet of magic regeneration (around mantle)
 q - a ring of positive energy (left tentacle)
 H - a +6 ring of evasion (right tentacle)
 J - an uncursed amulet of the gourmand {unknown}
Wands
 t - a wand of flame (10/48)
 E - a wand of digging (14/24)
 I - a wand of slowing (14/48)
Scrolls
 e - 5 scrolls of identify
 i - 6 scrolls of remove curse
 m - a scroll of noise
 n - 2 scrolls of recharging {unknown}
 o - a scroll of fear {unknown}
 p - 3 scrolls of enchant weapon
 s - a scroll of random uselessness {unknown}
 x - 2 scrolls of enchant armour
 F - a scroll of immolation {unknown}
Potions
 h - a potion of invisibility
 j - a potion of agility
 k - 2 potions of lignification
 l - a potion of ambrosia {unknown}
 v - a potion of degeneration {unknown}
 w - a potion of might {unknown}
 z - a potion of curing {unknown}
Comestibles
 f - 2 bread rations
 D - a beef jerky
 K - 2 slices of pizza


   Skills:
 - Level 2.0 Fighting
 - Level 2.0 Short Blades
 + Level 4.6 Throwing
 - Level 6.8 Dodging
 + Level 10.5 Stealth


You had 7 spell levels left.
You didn't know any spells.

Dungeon Overview and Level Annotations

Branches:
Dungeon (6/15)             Temple (0/1) D:4

Altars:
Gozag
Zin
The Shining One

Shops:
D:5 %

Annotations:
D:6 Chiseanne's ghost, novice CeAE


Innate Abilities, Weirdness & Mutations

You cannot wear most types of armour.
You are amphibious.
You can wear up to eight rings at the same time.
You can use your tentacles to constrict eight enemies at once.
Your skin changes colour to match your surroundings (Stealth).
Your rubbery body absorbs attacks (AC +1).


Message History

You constrict the iguana.
You kill the iguana!
The giant frog closely misses you. The giant frog barely misses you.
The giant frog barely misses you.
You see here 7 gold pieces.
The giant frog closely misses you.
You hit the giant frog. You grab the giant frog.
Your squeeze misses the giant frog.
The giant frog is lightly wounded.
You constrict the giant frog. The giant frog hits you.
* * * LOW HITPOINT WARNING * * *
You hit the giant frog. You squeeze the giant frog!
The giant frog is severely wounded.
You constrict the giant frog.
The giant frog hits you but does no damage.
You barely miss the giant frog.
The giant frog is almost dead.
You constrict the giant frog. The giant frog hits you!
You die...
Your body crumbles into a pile of gold.

#########
#.......# #######
#.#####.###.....#
##.##........###.#
.#.##........# #@#
.#.##........###F#
..........<.....>#
.###...#.###.#####
.# #.#.#.###.# .#
#.#...#...## .#
#)#........# .#
#.......[..# .#
###........#


You could see a giant frog.

Vanquished Creatures
  Sigmund (D:4)
  An orc warrior (D:5)
  A sky beast (D:5)
  An ogre (D:5)
  A centaur (D:5)
  Blork the orc (D:4)
  A centaur zombie (D:5)
  A giant frog zombie (D:5)
  A jelly (D:5)
  A quasit (D:5)
  A gnoll shaman (D:5)
  2 hounds (D:5)
  Crazy Yiuf (D:2)
  A giant frog skeleton (D:4)
  Jessica (D:2)
  Ijyb (D:3)
  3 iguanas (D:5)
  5 worker ants
  3 hound skeletons
  Robin (D:3)
  7 gnolls
  4 adders
  A shadow imp (D:6)
  An ooze (D:3)
  3 worms (D:3)
  4 dart slugs (D:1)
  2 giant geckos (D:2)
  7 orcs
  4 giant cockroaches
  2 hobgoblins
  12 jackals
  10 kobolds
  A quokka (D:3)
  2 ball pythons (D:2)
  9 bats
  6 giant newts
  21 goblins
  9 rats
134 creatures vanquished.

Notes
Turn   | Place    | Note
--------------------------------------------------------------
     0 | D:1      | varam the Octopode Assassin began the quest for the Orb.
     0 | D:1      | Reached XP level 1. HP: 14/14 MP: 1/1
   167 | D:1      | Reached XP level 2. HP: 19/19 MP: 2/2
   189 | D:1      | Reached skill level 6 in Stealth
   483 | D:1      | Reached XP level 3. HP: 23/24 MP: 3/3
   805 | D:1      | Reached skill level 7 in Stealth
   946 | D:2      | Reached XP level 4. HP: 29/29 MP: 4/4
  1005 | D:2      | Found a glowing golden altar of the Shining One.
  1060 | D:2      | Reached skill level 8 in Stealth
  1203 | D:2      | Noticed Jessica
  1206 | D:2      | Killed Jessica
  1210 | D:2      | Reached XP level 5. HP: 34/34 MP: 5/5
  1313 | D:2      | Noticed Crazy Yiuf
  1410 | D:3      | Noticed Ijyb
  1430 | D:3      | Killed Ijyb
  1732 | D:3      | Noticed Robin
  1751 | D:3      | Killed Robin
  2218 | D:3      | Reached XP level 6. HP: 34/39 MP: 6/6
  2305 | D:2      | Killed Crazy Yiuf
  3000 | D:4      | Noticed Blork the orc
  3125 | D:5      | Entered Level 5 of the Dungeon
  3151 | D:6      | Noticed Chiseanne's ghost (novice CeAE)
  3242 | D:5      | Reached skill level 5 in Dodging
  3242 | D:5      | Reached XP level 7. HP: 42/45 MP: 7/7
  3257 | D:5      | Found an opulent altar of Gozag.
  3265 | D:5      | Became a worshipper of Gozag Ym Sagoz the Greedy
  3346 | D:5      | Found Ukyvyam's Food Shop.
  3542 | D:4      | Found a glowing silver altar of Zin.
  3646 | D:4      | Noticed Sigmund
  3647 | D:4      | Found a staircase to the Ecumenical Temple.
  3651 | D:4      | Killed Sigmund
  3837 | D:4      | Killed Blork the orc
  4238 | D:5      | Reached skill level 9 in Stealth
  4238 | D:5      | Reached XP level 8. HP: 26/50 MP: 8/8
  4673 | D:5      | Reached skill level 10 in Stealth
  5870 | D:5      | Slain by a giant frog

Skill      XL: |  1  2  3  4  5  6  7  8 |
---------------+-------------------------+-----
Stealth        | 6 7 8 9 10 | 10.5
Dodging        | 3 5 6 |  6.8
Throwing       | 4 |  4.6
Fighting       | |  2.0
Short Blades   | |  2.0

Action                   |  1- 3 |  4- 6 |  7- 9 || total
-------------------------+-------+-------+-------++-------
Melee: Dagger            |    47 |   137 |   121 ||   305
       Constrict         |     7 |    29 |    20 ||    56
       Tentacles         |     2 |    13 |    36 ||    51
 Fire: Blowgun           |       |     4 |       ||     4
       Hunting sling     |       |     1 |       ||     1
Throw: Tomahawk          |       |       |     8 ||     8
Invok: Potion Petition   |       |       |     1 ||     1
Evoke: Wand              |       |       |     2 ||     2
  Use: Scroll            |       |       |     7 ||     7
       Potion            |       |       |     2 ||     2
 Stab: Sleeping          |    23 |    26 |     8 ||    57
       Distracted        |     1 |     2 |       ||     3
  Eat: Chunk             |       |     7 |     1 ||     8
       Bread ration      |       |       |     1 ||     1
       Meat ration       |       |       |     1 ||     1
Armor: Skin              |     1 |     8 |     6 ||    15
Dodge: Dodged            |    14 |    50 |   121 ||   185
